 Dungeon Crawl Stone Soup version 0.18-a0-1782-gb76a692 (webtiles) character file.

12381 TheGoonsmith the Cleaver (level 11, -9/92 HPs)
             Began as a Deep Dwarf Necromancer on Apr 17, 2016.
             Was an Elder of Makhleb.
             Mangled by a salamander
             ... wielding a +0 halberd
              (14 damage)
             ... in a volcano.
             The game lasted 00:33:53 (12646 turns).

TheGoonsmith the Cleaver (Deep Dwarf Necromancer)  Turns: 12646, Time: 00:33:53

Health: -9/92      AC: 21    Str: 18    XL:     11   Next: 61%
Magic:  0/14       EV: 15    Int: 18    God:    Makhleb [****..]
Gold:   656        SH:  0    Dex: 13    Spells: 4 memorised, 4 levels left

rFire  . . .     SeeInvis +     n - +1 battleaxe (flame)
rCold  + . .     Gourm    .     x - +6 ring mail of the Failed Coup {rN+}
rNeg   + + .     Faith    .     (shield currently unavailable)
rPois  .         Spirit   .     g - +1 helmet
rElec  .         Dismiss  .     l - +0 cloak
rCorr  .         Reflect  .     o - +0 pair of gloves
SustAt .         Harm     .     p - +2 pair of boots
MR     +....                    (no amulet)
Stlth  ++........               E - ring of see invisible
                                J - ring of Undoing {rC+ rN+ Slay+2 Stlth+}

@: mighty, very slightly contaminated, non-regenerating, somewhat resistant to
hostile enchantments, unstealthy
A: damage resistance, recharge devices, sense surroundings 2, slow regeneration
3
a: Device Recharging, Minor Destruction, Lesser Servant of Makhleb, Major
Destruction, Renounce Religion


You were in a volcano.
You worshipped Makhleb.
Makhleb was greatly pleased with you.
You were hungry.

You visited 3 branches of the dungeon, and saw 13 of its levels.
You also visited: Volcano.

You collected 656 gold pieces.

Inventory:

Hand Weapons
 h - a +0 mace
 n - a +1 battleaxe of flaming (weapon)
 s - a +0 flail
Armour
 a - a +0 robe
 c - a +0 leather armour
 g - a +1 helmet (worn)
 l - a +0 cloak (worn)
 o - a +0 pair of gloves (worn)
 p - a +2 pair of boots (worn)
 w - a +0 scale mail
 x - the +6 ring mail of the Failed Coup (worn) {rN+}
   (You took it off an orc on level 6 of the Dungeon)

   It protects you from negative energy.
 z - the +0 scale mail of the Beggar {Str+5}
   (You found it on level 6 of the Dungeon)

   It affects your strength (+5).
Rods
 G - a +0 rod of shadows (9/9)
   (You found it on level 8 of the Dungeon)
Jewellery
 i - an uncursed ring of stealth
 E - a ring of see invisible (right hand)
 J - the ring of Undoing (left hand) {rC+ rN+ Slay+2 Stlth+}
   (You found it on level 10 of the Dungeon)

   [ring of stealth]

   It affects your accuracy and damage with ranged weapons and melee attacks
   (+2).
   It protects you from cold.
   It protects you from negative energy.
   It makes you more stealthy.
Wands
 d - a wand of polymorph (3/24)
 e - a wand of heal wounds (3/9)
 m - a wand of lightning (0/15)
 C - a wand of paralysis (16/24)
Scrolls
 f - 7 scrolls of remove curse
 r - a scroll of magic mapping
 u - a scroll of enchant armour
 A - 4 scrolls of identify
 B - 2 scrolls of amnesia
Potions
 q - a potion of cure mutation
 t - a potion of cancellation
 v - 2 potions of flight
 D - a potion of might
 F - a potion of curing
Books
 b - a book of Necromancy

   Spells                             Type                      Level
   a - Pain                           Necromancy                   1
   b - Animate Skeleton               Necromancy                   1
   c - Vampiric Draining              Necromancy                   3
   d - Regeneration                   Charms/Necromancy            3
   e - Animate Dead                   Necromancy                   4
   f - Control Undead                 Necromancy                   4
 I - a book of Cantrips

   Spells                             Type                      Level
   a - Corona                         Hexes                        1
   b - Animate Skeleton               Necromancy                   1
   c - Summon Small Mammal            Summoning                    1
   d - Apportation                    Translocation                1
Comestibles
 j - 2 meat rations
 H - 4 fruits


   Skills:
 - Level 4.1 Fighting
 + Level 10.5(11.1) Axes
 - Level 5.2(8.2) Maces & Flails
 - Level 9.0 Armour
 - Level 8.9 Dodging
 - Level 2.4 Stealth
 - Level 3.0 Spellcasting
 - Level 10.0 Necromancy


You had 4 spell levels left.
You knew the following spells:

 Your Spells              Type           Power        Failure   Level  Hunger
a - Pain                  Necr           ####         1%          1    None
b - Control Undead        Necr           #####.....   6%          4    ####...
x - Vampiric Draining     Necr           #####.....   1%          3    ###....
A - Animate Dead          Necr           N/A          6%          4    ####...


Dungeon Overview and Level Annotations

Branches:
Dungeon (11/15)            Temple (1/1) D:6            Lair (1/8) D:11
    Orc (0/2) D:10

Altars:
Ashenzari
Cheibriados
Dithmenos
Elyvilon
Fedhas
Gozag
Kikubaaqudgha
Makhleb
Nemelex Xobeh
Okawaru
Pakellas
Qazlal
Ru
Sif Muna
Trog
Vehumet
Xom
Yredelemnul
Zin
The Shining One

Shops:
D:6 ((:   D:7 :


Innate Abilities, Weirdness & Mutations

You are resistant to damage.
You can recharge devices by infusing magical energy.
You passively map the area around you.
You do not regenerate naturally.


Message History

The arrow burns you.
* * * LOW HITPOINT WARNING * * *
You see here 2 arrows.
The salamander hits you but does no damage.
The salamander unwields an uncursed shortbow of flaming.
It stops flaming.
The salamander misses you.
You hit the salamander.
The salamander is lightly wounded.
You slash the salamander!
The salamander is almost dead.
The volcano roars to life, belching forth lava!
The salamander hits you but does no damage.
The salamander hits you.
* * * LOW HITPOINT WARNING * * *
You are engulfed in flames!
* * * LOW HITPOINT WARNING * * *
The salamander hits you from afar with a halberd!
* * * LOW HITPOINT WARNING * * *
You are engulfed in flames!
You die...

.≈≈..§..........§..§§§§§≈§≈ ≈
≈.§≈≈§≈≈≈≈≈§§≈≈≈§§§≈≈§§≈§§≈≈≈≈≈≈§
§≈§§≈§§≈≈≈≈≈≈≈§≈≈§§§§§§§§§§§§§≈≈≈
§≈§§§§§≈≈§≈§§≈≈≈§§§§≈§§§§§§§≈§≈≈≈
≈≈≈§≈§§≈≈≈§§≈≈≈≈≈§§§§§§§§§≈≈§§§≈§
≈≈≈≈≈§≈§≈§≈≈§§≈≈≈§§§≈§§§≈≈§§§≈≈≈≈
.≈≈≈≈§§≈≈≈≈§§§≈≈NN§§.§§§§≈§§≈§§≈≈
...≈.§§≈≈§≈§≈§≈≈(.§§§§§§§≈≈≈≈≈§§≈
.........§......@§§#§§§§§........
##..............§######..........
######.##..#.#.## ##.........
########### ####.#.### ##### #


You could see 2 salamanders.

Vanquished Creatures
  A salamander mystic (Volcano)
  3 unseen horrors
  2 hill giants
  A cyclops (D:10)
  An oklob plant (D:7)
  A salamander (Volcano)
  2 centaur zombies (D:11)
  A gargoyle (D:11)
  3 trolls
  A shadow (D:11)
  A hungry ghost (D:9)
  3 yaks (D:11)
  The ghost of Dega the Covered, an amateur DsFi (D:3)
  Menkaure (D:7)
  A porcupine (Lair:1)
  6 ice beasts
  4 orc warriors
  A sky beast (D:11)
  A black bear (D:10)
  A wasp (D:10)
  7 ogres
  3 centaurs
  5 giant frogs
  3 big kobolds
  2 gnoll sergeants
  A water moccasin zombie (D:6)
  10 killer bees (D:11)
  7 wights
  A lava snake (Volcano)
  A jelly (D:9)
  3 crimson imps
  A wasp zombie (D:8)
  13 orc priests
  6 hounds
  2 giant frog skeletons
  3 iguanas
  4 centaur skeletons
  6 orc wizards
  6 worker ants
  A hound zombie (D:9)
  A howler monkey zombie (D:10)
  9 gnolls
  11 adders
  A howler monkey skeleton (D:4)
  4 shadow imps
  3 oozes
  An adder skeleton (D:6)
  4 worms
  2 dart slugs
  6 giant geckos
  39 orcs
  A ball python (D:3)
  7 bats
  3 giant cockroaches
  3 goblins
  2 hobgoblins (D:2)
  5 jackals
  4 quokkas
  5 giant newts
  A jackal zombie (D:5)
  19 kobolds
  A quokka skeleton (D:5)
  7 rats
260 creatures vanquished.

Vanquished Creatures (collateral kills)
  An orc priest (D:3)
  A worker ant (D:4)
  3 orcs (D:3)
  A hobgoblin (D:3)
6 creatures vanquished.

Grand Total: 266 creatures vanquished

Notes
Turn   | Place    | Note
--------------------------------------------------------------
     0 | D:1      | TheGoonsmith the Deep Dwarf Necromancer began the quest for the Orb.
     0 | D:1      | Reached XP level 1. HP: 15/15 MP: 3/3
   367 | D:1      | Reached XP level 2. HP: 22/22 MP: 0/4
   545 | D:1      | Reached skill level 5 in Necromancy
   775 | D:2      | Found an oddly glowing altar of Pakellas.
   933 | D:2      | Reached XP level 3. HP: 19/28 MP: 1/5
  1035 | D:2      | Learned a level 3 spell: Vampiric Draining
  2074 | D:2      | Reached XP level 4. HP: 14/36 MP: 0/7
  2636 | D:3      | Reached XP level 5. HP: 34/42 MP: 4/9
  2717 | D:3      | Noticed Dega's ghost (amateur DsFi)
  2732 | D:3      | Learned a level 4 spell: Animate Dead
  2876 | D:3      | Found a faded altar to an unknown god.
  2917 | D:3      | Killed Dega's ghost
  2917 | D:3      | Reached XP level 6. HP: 21/49 MP: 10/10
  3205 | D:4      | Reached skill level 1 in Fighting
  3254 | D:4      | Reached skill level 1 in Maces & Flails
  3473 | D:4      | Found a blossoming altar of Fedhas.
  3641 | D:4      | Noticed an ice beast
  3653 | D:4      | Killed an ice beast
  3653 | D:4      | Reached XP level 7. HP: 45/58 MP: 1/10
  4150 | D:5      | Entered Level 5 of the Dungeon
  4152 | D:5      | Found a snail-covered altar of Cheibriados.
  4165 | D:5      | Learned a level 4 spell: Control Undead
  4547 | D:5      | Reached skill level 5 in Maces & Flails
  5032 | D:6      | Found Poletem's Book Boutique.
  5103 | D:6      | Reached skill level 1 in Axes
  5467 | D:6      | Found a staircase to the Ecumenical Temple.
  5542 | D:6      | Reached XP level 8. HP: 56/66 MP: 5/11
  5624 | Temple   | Entered the Ecumenical Temple
  5631 | Temple   | Became a worshipper of Makhleb the Destroyer
  5651 | D:6      | Found a glowing golden altar of the Shining One.
  5796 | D:6      | Reached skill level 5 in Axes
  6055 | D:6      | Found a bloodstained altar of Trog.
  6188 | D:6      | Reached skill level 1 in Armour
  6289 | D:6      | Found Fowiseip's Antique Weapon Shoppe.
  6380 | D:6      | Found Rexyhan's Antique Weapon Shoppe.
  6385 | D:6      | Got a fine scale mail
  6387 | D:6      | Identified the +0 scale mail of the Beggar {Str+5} (You found it on level 6 of the Dungeon)
  6480 | D:6      | Reached * piety under Makhleb
  6615 | D:6      | Got a distressingly furry ring mail
  6619 | D:6      | Identified the +6 ring mail of the Failed Coup {rN+} (You took it off an orc on level 6 of the Dungeon)
  6769 | D:7      | Found Heulelem's Book Shoppe.
  6771 | D:7      | Found a radiant altar of Vehumet.
  6773 | D:7      | Noticed an oklob plant
  6800 | D:7      | Killed an oklob plant
  6800 | D:7      | Reached skill level 5 in Armour
  6800 | D:7      | Gained mutation: You passively map the area around you. [Deep Dwarf growth]
  6800 | D:7      | Reached XP level 9. HP: 34/73 MP: 12/12
  6962 | D:7      | Noticed Menkaure
  6975 | D:7      | Killed Menkaure
  7173 | D:7      | Found an opulent altar of Gozag.
  8184 | D:8      | Killed an unseen horror
  8536 | D:8      | Reached ** piety under Makhleb
  9152 | D:9      | Reached XP level 10. HP: 80/80 MP: 10/13
  9739 | D:9      | Reached skill level 10 in Necromancy
 10105 | D:10     | Entered Level 10 of the Dungeon
 10114 | D:10     | Reached *** piety under Makhleb
 10164 | D:10     | Noticed a cyclops
 10173 | D:10     | Killed a cyclops
 10309 | D:10     | Got a slimy granite ring
 10315 | D:10     | Identified the ring of Undoing {rC+ rN+ Slay+2 Stlth+} (You found it on level 10 of the Dungeon)
 10504 | D:10     | Found a staircase to the Orcish Mines.
 10516 | D:10     | Reached skill level 5 in Dodging
 10784 | D:10     | Noticed a hill giant
 10791 | D:10     | Killed a hill giant
 10890 | D:10     | Noticed an unseen horror
 10918 | D:10     | Killed an unseen horror
 11267 | D:11     | Noticed a hill giant
 11279 | D:11     | Killed a hill giant
 11279 | D:11     | Reached **** piety under Makhleb
 11279 | D:11     | Reached XP level 11. HP: 63/92 MP: 7/14
 11434 | D:11     | Noticed an unseen horror
 11447 | D:11     | Killed an unseen horror
 11659 | D:11     | Found a basalt altar of Yredelemnul.
 12234 | D:11     | Found a staircase to the Lair.
 12240 | Lair:1   | Entered Level 1 of the Lair of Beasts
 12269 | Lair:1   | Found a dark tunnel.
 12291 | Lair:1   | Noticed a lindwurm
 12297 | Lair:1   | Noticed a mana viper
 12297 | Lair:1   | a lindwurm changed into a mana viper
 12301 | Volcano  | Entered a volcano
 12603 | Volcano  | Found a radiant altar of Vehumet.
 12603 | Volcano  | Noticed a salamander mystic
 12615 | Volcano  | Killed a salamander mystic
 12615 | Volcano  | Reached skill level 10 in Axes
 12618 | Volcano  | HP: 4/92 [salamander/halberd (8)]
 12638 | Volcano  | HP: 1/92 [salamander/halberd (14)]
 12646 | Volcano  | Mangled by a salamander

Vault maps used:
D:1:      dpeg_chamrin_arrival_tetris
D:2:      lemuel_coloured_pillars_altar
D:3:      minmay_door_path, ecumenical_altar_2
D:4:      fedhas_altar_2
D:5:      basic_altar, first_bread
D:6:      marbit_many_paths, nicolae_overflow_crystal_walls,
          minmay_temple_entry_hall, serial_shops, shop, nicolae_shop_waterfront,
          shop
D:7:      lemuel_crystal_altar, serial_shops, shop_statue, lemuel_oklob_altar,
          uniq_menkaure
D:10:     orc_0_dummy
D:11:     lair_0_dummy, basic_altar
Temple:   nicolae_temple_no_exploring_needed
Lair:1:   nicolae_volcano_entry_vermiform, serial_bayou_pond_a
Volcano:  volcano_lake

Skill      XL: |  1  2  3  4  5  6  7  8  9 10 11 |
---------------+----------------------------------+-----
Necromancy     | 5 6 7 9 10 | 10.0
Spellcasting   | 2 3 |  3.0
Fighting       | 1 4 |  4.1
Maces & Flails | 3 5 |  5.2
Axes           | 3 6 9 10 | 10.5
Armour         | 5 9 |  9.0
Dodging        | 8 |  8.9
Stealth        | |  2.4

Action                   |  1- 3 |  4- 6 |  7- 9 | 10-12 || total
-------------------------+-------+-------+-------+-------++-------
Melee: Unarmed           |     8 |       |       |       ||     8
       Mace              |    26 |    92 |    13 |       ||   131
       Flail             |       |       |    54 |       ||    54
       Battleaxe         |       |       |   205 |   337 ||   542
 Cast: Pain              |    70 |    25 |    27 |    34 ||   156
       Vampiric Draining |     1 |    16 |    66 |    46 ||   129
       Animate Dead      |       |     3 |       |       ||     3
       Control Undead    |       |       |     1 |     1 ||     2
 Abil: Device Recharging |       |     1 |       |       ||     1
Evoke: Wand              |       |     7 |     4 |     6 ||    17
  Use: Potion            |       |     5 |     1 |     3 ||     9
       Scroll            |       |     7 |     8 |     9 ||    24
 Stab: Distracted        |       |     1 |       |       ||     1
       Sleeping          |       |       |     3 |     6 ||     9
  Eat: Chunk             |     4 |     1 |    23 |     7 ||    35
       Bread ration      |       |     1 |       |     6 ||     7
       Meat ration       |       |     1 |       |     1 ||     2
       Pizza             |       |       |       |     1 ||     1
       Beef jerky        |       |       |       |     1 ||     1
       Royal jelly       |       |       |       |     1 ||     1
Armor: Leather armour    |    11 |    49 |    72 |       ||   132
       Robe              |     1 |       |       |       ||     1
       Scale mail        |       |       |     8 |       ||     8
       Ring mail         |       |       |   121 |   277 ||   398
       Skin              |       |       |    22 |    39 ||    61
Dodge: Dodged            |    27 |    70 |   209 |   348 ||   654
